Cogmind - Beta 9.2 @@@ ROGUE MODE // 2019.11.23 @ 02:08:52 Player: Suslik Result: Destroyed by S-10 Pest with Light Assault Rifle Performance ------------- Evolutions (0) 0 Regions Visited (1) 200 Robots Destroyed (6) 30 Value Destroyed (165) 165 Prototype IDs (0) 0 Alien Tech Used (0) 0 Bonus (0) 0 TOTAL SCORE: 395 Bonus ------- None Cogmind --------- Core Integrity 0/250 Matter 289/300 Energy 160/160 System Corruption 0% Temperature Cool (0) Movement Core (300) Ox5 Location -10/Materials Parts ------- > --- POWER (1) -------- Light Nuclear Core > --- PROPULSION (2) --- (None) > --- UTILITY (2) ------ Small Storage Unit Hardened Light Armor Plating > --- WEAPON (2) ------- Light Assault Rifle Mining Claw > --- INVENTORY (6) ---- Ion Engine Hardened Light Armor Plating Hardened Light Armor Plating Hardened Light Armor Plating Small Laser Peak State ------------ > --- POWER ------------ Light Nuclear Core > --- PROPULSION ------- Light Treads Light Treads > --- UTILITY ---------- Small Storage Unit Hardened Light Armor Plating > --- WEAPON ----------- Light Assault Rifle Mining Claw > --- INVENTORY -------- Hardened Light Armor Plating Hardened Light Armor Plating Hardened Light Armor Plating Light Assault Rifle [Rating: 10] Favorites ----------- Power Ion Engine Engine Ion Engine Power Core Light Nuclear Core Propulsion Aluminum Leg Treads Light Treads Leg Aluminum Leg Utility Small Storage Unit Storage Small Storage Unit Protection Hardened Light Armor Plating Weapon Light Assault Rifle Energy Gun EM Pulse Gun Ballistic Gun Light Assault Rifle Slashing Weapon Mining Claw Build | -11 -10 ------- Run | Scr Mat Slots Evolved . | . . Power . | . . Propulsion . | . . Utility . | . . Weapon . | . . Parts Attached 8 | 1 7 Power 1 | . 1 Engine . | . . Core 1 | . 1 Reactor . | . . Propulsion 2 | . 2 Treads 2 | . 2 Leg . | . . Wheel . | . . Hover . | . . Flight . | . . Utility 2 | 1 1 Device . | . . Storage 1 | 1 . Processor . | . . Hackware . | . . Protection 1 | . 1 Artifact . | . . Weapon 3 | . 3 Energy Gun 1 | . 1 Energy Cannon . | . . Ballistic Gun 1 | . 1 Ballistic Cannon . | . . Launcher . | . . Special Weapon . | . . Impact Weapon . | . . Slashing Weapon 1 | . 1 Piercing Weapon . | . . Special Melee Weapon . | . . Unidentified Prototypes . | . . Parts Lost 5 | . 5 Power 1 | . 1 Propulsion 2 | . 2 Utility . | . . Weapon 2 | . 2 Highest Loss Streak 5 | . 5 Average Slot Usage (%) 95 | . 95 Engine 11 | . 11 Core 2 | . 2 Treads 7 | . 7 Leg 17 | . 17 Storage 25 | . 25 Protection 2 | . 2 Energy Gun 11 | . 11 Ballistic Gun 13 | . 13 Slashing Weapon 2 | . 2 Naked Turns . | . . Heaviest Build 17 | 16 17 Greatest Support 40 | 20 40 Greatest Overweight (x) 5 | . 5 Average Overweight (x) . | . . Largest Inventory Capacity 8 | 8 8 Average Capacity 7 | 6 7 Most Carried 8 | 7 8 Average Carried 6 | 6 6 Final Capacity 8 | 8 6 Final Carried 7 | 7 5 Class Distribution -------------------- 100% | Mutant Dominant Class ---------------- Mutant | -10/Materials Resources | -11 -10 ----------- Run | Scr Mat Matter Collected 354 | 215 139 Remotely . | . . Salvage Created 265 | 77 188 Parts 14 | 3 11 Haulers Intercepted . | . . Recyclers Shooed . | . . Parts Field Recycled . | . . Retrieved Matter . | . . Parts Self-Destructed . | . . Prevented . | . . Kills | -11 -10 ------- Run | Scr Mat Combat Hostiles Destroyed 5 | . 5 Melee 2 | . 2 Guns 2 | . 2 AOE 1 | . 1 Classes Destroyed 3 | 1 2 Recycler 1 | 1 . Swarmer 1 | . 1 Grunt 4 | . 4 Best Kill Streak 2 | 1 2 Combat Bots Only 2 | . 2 Max Kills in Single Turn 1 | 1 1 Gunslinging . | . . Exploded 1 | . 1 Melee 1 | . 1 Uniques/NPCs Destroyed . | . . Combat | -11 -10 -------- Run | Scr Mat Damage Taken 1120 | . 1120 Core 255 | . 255 Absorbed by Shields . | . . Core Remaining (%) 100 | 100 . Volleys Fired 19 | 5 14 Largest 2 | 2 2 Hottest 85 | 60 85 Shots Fired 37 | 10 27 Gun 37 | 10 27 Cannon . | . . Launcher . | . . Special . | . . Kinetic 19 | 5 14 Thermal 8 | . 8 Explosive . | . . Electromagnetic 10 | 5 5 Robot Hit Streak 6 | 2 6 Robot Miss Streak 2 | 2 2 Penetration Max . | . . Secondary Targets . | . . Shots Hit Robots 27 | 4 23 Core Hits 10 | 2 8 Critical Hits . | . . Critical Kills . | . . Critical Parts Destroyed . | . . Melee Attacks 14 | . 14 Impact . | . . Slashing 14 | . 14 Piercing . | . . Sneak Attacks . | . . Combat Hostiles . | . . Follow-up Attacks . | . . Damage Inflicted 385 | 17 368 Guns 238 | 17 221 Cannons . | . . Explosions 31 | . 31 Melee 96 | . 96 Ramming 20 | . 20 Kinetic 90 | 17 73 Thermal 107 | . 107 Explosive . | . . Electromagnetic 72 | . 72 Impact . | . . Slashing 96 | . 96 Piercing . | . . Highest Corruption . | . . Average Corruption . | . . Corruption Purged . | . . Overload Shots . | . . Overflow Damage . | . . Projectiles . | . . Explosions . | . . Melee . | . . Knockbacks . | . . Impact . | . . Kinetic . | . . Secondary . | . . Self-Inflicted Damage . | . . Shots . | . . Rammed 11 | . 11 Targets Rammed 11 | . 11 Kicked . | . . Crushed . | . . Highest Temperature 326 | 20 326 Average Temperature 101 | 13 117 Received Heat Transfer 405 | . 405 Effects 1 | . 1 Shutdowns 1 | . 1 Siege Activations . | . . Robots Corrupted . | . . Combat Hostiles . | . . Parts Fried . | . . Impact Corruptions . | . . Robots Melted . | . . Combat Hostiles . | . . Parts Melted . | . . Heat Transferred 185 | . 185 Parts Sabotaged . | . . Parts Stolen . | . . Parts Stripped . | . . Power Chain Reactions 1 | . 1 Missiles Intercepted . | . . Alert | -11 -10 ------- Run | Scr Mat Peak Influence 134 | 5 134 Average Influence 89 | 3 95 Maximum Alert Level . | . . Low Security (%) 100 | 100 100 Level 1 . | . . Level 2 . | . . Level 3 . | . . Level 4 . | . . Level 5 . | . . High Security . | . . Max Security . | . . Squads Dispatched 3 | . 3 Investigation 1 | . 1 Extermination . | . . Reinforcement 2 | . 2 Assault . | . . Garrison . | . . Intercept . | . . Construction Impeded . | . . Haulers Reinforced . | . . Stealth | -11 -10 --------- Run | Scr Mat Distress Signals 1 | . 1 Communications Jammed . | . . Distress Signals . | . . Times Spotted 15 | . 15 Peak Tracking Total 7 | . 7 Tactical Retreats 2 | . 2 Traps | -11 -10 ------- Run | Scr Mat Traps Triggered . | . . Indirectly . | . . Trap Hack Attempts . | . . Triggered . | . . Disarmed . | . . Reprogrammed . | . . Reused . | . . Traps Extracted . | . . Installed . | . . Triggered . | . . Machines | -11 -10 ---------- Run | Scr Mat Machines Disabled . | . . Max in Single Turn . | . . Machines Sabotaged . | . . Garrisons Compromised . | . . Overloaded Fab Kills . | . . Fab Network Shutdowns . | . . Hacking | -11 -10 --------- Run | Scr Mat Machines Accessed 4 | . 4 Terminals 3 | . 3 Fabricators . | . . Repair Stations . | . . Recycling Units 1 | . 1 Scanalyzers . | . . Garrison Access . | . . Total Hacks 5 | . 5 Successful 2 | . 2 Failed 3 | . 3 Catastrophic 2 | . 2 Database Lockouts . | . . Manual 5 | . 5 Terminals 4 | . 4 Fabricators . | . . Repair Stations . | . . Recycling Units 1 | . 1 Scanalyzers . | . . Garrison Access . | . . Terminal Hacks 1 | . 1 Hauler Manifests 1 | . 1 Fabricator Hacks . | . . Repair Station Hacks . | . . Recycling Unit Hacks . | . . Scanalyzer . | . . Garrison Access Hacks . | . . Unauthorized Hacks 2 | . 2 Terminals . | . . Fabricators . | . . Repair Stations . | . . Recycling Units 1 | . 1 Tunnel 1 | . 1 Scanalyzers . | . . Garrison Access . | . . Data Cores Recovered . | . . Used . | . . Hacking Detections 3 | . 3 Full Trace Events . | . . Feedback Events . | . . Feedback Blocked . | . . Robot Schematics Acquired . | . . Robots Built . | . . Matter . | . . Time . | . . Total Robot Build Rating . | . . Part Schematics Acquired . | . . Parts Built . | . . Matter . | . . Time . | . . Total Part Build Rating . | . . Parts Repaired . | . . Time . | . . Parts Recycled . | . . Recycled Matter . | . . Retrieved Matter . | . . Retrieved Components . | . . Parts Scanalyzed . | . . Part Schematics Acquired . | . . Parts Damaged . | . . Bothacking | -11 -10 ------------ Run | Scr Mat Used RIF Installer . | . . Robots Hacked . | . . Non-combat . | . . Combat . | . . Robot Hacks Applied . | . . Relay Couplers Released . | . . Robots Rewired . | . . Allies Hacked . | . . Hacks Repelled . | . . Allies | -11 -10 -------- Run | Scr Mat Total Allies . | . . Largest Group . | . . Highest-Rated Group . | . . Highest-Rated Ally . | . . Total Orders . | . . Ally Attacks . | . . Total Damage . | . . Kills . | . . Allies Corrupted . | . . Allies Melted . | . . Intel | -11 -10 ------- Run | Scr Mat Robot Analysis Total . | . . Derelict Logs Recovered . | . . Drone Launches . | . . Drone Recoveries . | . . Exploration | -11 -10 ------------- Run | Scr Mat Turns Passed 424 | 30 394 Spaces Moved 221 | 12 209 Core 3 | . 3 Treads 31 | . 31 Legs 187 | 12 175 Wheels . | . . Hover . | . . Flight . | . . Fastest Speed 120 | 120 120 Average Speed 128 | 120 128 Slowest Speed 300 | 120 300 Overloaded Moves . | . . Propulsion Burnouts . | . . Robots Hopped . | . . Cave-ins Triggered . | . . Exploration Rate (%) 24 | 2 46 Regions Visited 1 Branch Regions . Pre-discovered Areas 1 | . 1 Known Exits Taken . | . . Unknown Exits Taken 1 | 1 . Scrap Searched . | . . Spaces Dug . | . . Terrain Destroyed 2 | . 2 Melee . | . . Projectile . | . . AOE 2 | . 2 Actions | -11 -10 --------- Run | Scr Mat Total 298 | 18 280 Wait 6 | . 6 Move 220 | 11 209 Hop . | . . Pick Up 10 | 1 9 Fast Attach 1 | 1 . Attach 4 | . 4 Detach . | . . Swap 3 | . 3 Drop 10 | . 10 Fire 19 | 5 14 Melee 14 | . 14 Ram . | . . Kick 1 | . 1 Crush 10 | . 10 Escape Stasis . | . . Rewire . | . . Trap . | . . Miscellaneous . | . . Route ------- -11/Scrapyard -10/Materials (discovered 1 exit: [*Min]) History --------- Turn | Location | Event 15 | -11/Scrapyard | Discovered new exit (range 3) 31 | -11/Scrapyard | Entered Materials 129 | -10/Materials | Discovered new exit (range 15) 316 | -10/Materials | Build established: Mutant 385 | -10/Materials | Core integrity fell below 50% 398 | -10/Materials | Core integrity fell below 20% 413 | -10/Materials | Lost 5 parts (1p2n2w) 425 | -10/Materials | Destroyed by S-10 Pest with Light Assault Rifle Last Messages --------------- 00354_ Ion Engine destroyed. 00354_ Slammed into S-10 Pest. 00360_ Acquired 5 matter. 00360_ Dropped Sml. Storage Unit. 00363_ Acquired 4 matter. 00364_ S-10 Pest destroyed. 00365_ Acquired 20 matter. 00367_ Lgt. Assault Rifle destroyed. 00368_ S-10 Pest destroyed. 00377_ R-06 Scavenger collects Lgt. Ion Engine. 00378_ Lgt. Treads destroyed. 00383_ K-01 Serf destroyed. 00384_ R-06 Scavenger collects Wheel. 00386_ Ion Engine ripped off. 00387_ K-01 Serf collects debris. 00392_ R-06 Scavenger collects Lgt. Ion Engine. 00403_ G-34 Mercenary destroyed. 00404_ K-01 Serf collects debris. 00409_ Acquired Sml. Laser. 00410_ K-01 Serf collects debris. Map ----- +----------------------------------------------------+ | ??????????????????????? ???????? ???????????????? | | ???????????????????? ##?????? ???????????????? | | ??????????????????? ?????? #??????????????? | | ??????????????????# #????? #??????????????? | | ??????????????????? #????? #??????????????? | | ??????????????????# #????? #??????????????? | | ?????????????###### ###### #??????????????? | | ????????????? #????????????### | | ???????????? #????????????# " | | ????????????? #????????????# " | | ?????????????? """ """ #????????????# | | ??????????????"" """ """ #??#######???# | | ???????????""""" """ """ #### #???# | | ??????????? #???# | | ??????????? #???### | | ??????????????# k #????## | | ??????????????# ##### ### = ### #????# | | ??????????????????????# #?#= ! #?## ####### | | ??????????????????????# #?#===*!!#??# | | ??????????????????????# #?#== !!#??# | | ?????????????????????## k##########??# | | ?????????????????????# #???######## | | ?????????????????????# #???# # % | | ?????????????????????# #???# % # | | ?????????????????????# #???# ! + ###+#### | | ?????????????????????# %%@ #???# # # ?? | | ?????????????????????###s###???# "T" # # """ | | ???????????????????????# #?????# """ # # """ | | ???????????????????????#=#?????######## # """ | | ???????????????????????#%#????????????# # | | ???????????????????????#[#????????????# # """ | | ???????????????????????#!#????????????# # """ | | ???????????????????????#=#????????????# # """ | | ???????????????????????#%#????????????# # | | ???????????????????????#%#????????????# ######## | | ???????????????????????#=#????????????# #??????# | | ???????????????????????#*#????????????# #??????# | | ???????????????????????# #???????????? #??????# | | ???????????????????????# #????????????? #??????# | | ???????????????????????# #????????????? ???????# | | ???????????????????????# #???????????????????????# | | ???????????????????????# #???????????????????????# | | ???????????????????????# #???????????????????????# | | ???????????????????????# ???????????????????????# | | ???????????????????????# ???????????????????????# | | ???????????????????????# ???????????????????????# | | ???????????????????????? ???????????????????????# | | ???????????????????????? ???????????????????????# | | ???????????????????????? ???????????????????????# | | ???????????????????????? ???????????????????????# | +----------------------------------------------------+ Best States ------------- Heat Dissipation 25 Energy Generation 14 Energy Capacity 250 Matter Stores 300 Matter Capacity 300 Sight Range 16 Terrain Scan Density 10 Armor Coverage 150 Evasion (%) 40 Recoil Reduction 2 Item Schematics ----------------- None Robot Schematics ------------------ None Fabricated ------------ Nothing Alien Tech Used ----------------- None Achievements -------------- None Challenges ------------ None Game ------ Seed InsulationReflectiveMallet Manual? 0 Play Time 00:08:00 Cumulative 210.9 hours Start 2019.11.23 @ 02:04:43 End 2019.11.23 @ 02:08:52 Sessions 1 Manual Loads 0 Difficulty Rogue Special Mode None Game No. 184 Rogue 174 Adventurer 10 Explorer 0 Win Type - Total 4 Types 3/0/0/1/0/0/0 Lore% 66 Gallery% 82 Achievement% 65 Wizard Run 0 Options --------- ASCII 0 Keyboard 1 Movement Numpad Keybinds 0 Fullscreen 2 Font 18/SmallcapsGlow Map View 76x50 Tactical HUD 1 Map Filters NONE Filters NONE Steam 1 RUN: 4d8bf720-75fb-49cb-8e20-41d2cc4d8166